Map: Ruby Rock LE

Players

UnimatrixO - Winner!

  • Race: Protoss Protoss
  • League: Platinum
  • Spawn Location: 5:00

SilentSword

  • Race: Protoss Protoss
  • League: Master
  • Spawn Location: 11:00

VOD

Have the link to the VOD?

Description

Time

  • Played on: May 24, 2026, 9:18 a.m.
  • Length: 22:42
Show
View Real Time Build Order
Export as new Build Order

UnimatrixO Protoss - Winner!

Build Orders: Oracle Opening 

Get SALT Encoding   

  12  0:00  Probe  
  13  0:12  Probe  
  14  0:17  Pylon  
  14  0:24  Probe  
  15  0:32  Probe  
  15  0:39  Gateway  
  15  0:40  Probe  
  17  0:51  Probe  
  17  0:54  Assimilator  
  18  0:58  Assimilator  
  18  0:59  Probe  
  19  1:05  Pylon  
  19  1:07  Probe  
  19  1:17  Probe  
  21  1:27  Cybernetics Core  
  21  1:31  Gateway  
  21  1:35  Probe  
  23  1:47  Probe  
  23  1:59  Probe  
  24  2:04  Pylon  
  24  2:06  Adept  
  24  2:07  Warp Gate  
  26  2:11  Probe  
  26  2:13  Stargate  
  27  2:21  Adept  
  29  2:23  Probe  
  29  2:27  Shield Battery  
  30  2:34  Pylon  
  30  2:41  Probe  
  31  2:46  Oracle  
  31  2:53  Probe  
  35  3:05  Pylon, Stalker, Probe  
  38  3:14  Stalker  
  38  3:17  Probe  
  41  3:29  Robotics Facility  
  41  3:34  Probe  
  42  3:54  Nexus  
  42  3:55  Probe  
  43  4:08  Probe  
  44  4:19  Observer  
  45  4:32  Immortal  
  45  4:33  Pylon  
  45  4:36  Shield Battery  
  49  4:39  Twilight Council  
  49  4:40  Shield Battery  
  49  4:56  Sentry x2  
  53  5:04  Pylon  
  53  5:08  Pylon, Probe x2  
  53  5:09  Assimilator  
  53  5:12  Observer  
  53  5:13  Assimilator  
  56  5:20  Stalker  
  56  5:21  Stalker  
  60  5:27  Probe x2  
  62  5:37  Immortal  
  62  5:39  Probe x2  
  68  5:51  Probe  
  68  5:52  Probe  
  68  5:56  Forge  
  70  5:58  Gateway  
  70  6:00  Gateway  
  70  6:03  Pylon  
  70  6:04  Probe x2  
  72  6:16  Probe x2  
  74  6:27  Pylon  
  74  6:28  Probe, Shield Battery  
  75  6:42  Protoss Ground Weapons Level 1  
  75  6:44  Probe  
  75  6:45  Probe  
  75  6:46  Charge  
  77  6:50  Dark Shrine  
  77  6:54  Photon Cannon  
  77  6:56  Probe  
  77  6:57  Shield Battery  
  78  7:02  Nexus  
  78  7:03  Photon Cannon  
  78  7:15  Probe  
  78  7:17  Probe  
  80  7:27  Probe  
  81  7:40  Zealot x4  
  89  7:52  Assimilator  
  89  7:54  Probe  
  89  7:55  Probe  
  89  7:56  Assimilator  
  91  8:01  Stalker x2  
  91  8:02  Stalker x2  
  99  8:07  Probe, Shadow Stride  
  100  8:24  Gateway  
  100  8:25  Gateway  
  100  8:27  Blink, Gateway  
  100  8:38  Photon Cannon  
  100  8:42  Pylon x2, Photon Cannon  
  100  8:44  Protoss Shields Level 1  
  100  8:49  Dark Templar x4  
  108  9:33  Protoss Air Weapons Level 1  
  104  9:58  Dark Templar x2  
  104  9:59  Dark Templar x5  
  116  10:06  Archon x2  
  120  10:07  Archon  
  120  10:10  Void Ray  
  120  10:13  Probe x2  
  120  10:14  Probe  
  123  10:16  Shield Battery  
  123  10:20  Photon Cannon  
  123  10:24  Photon Cannon  
  123  10:25  Probe  
  124  10:38  Nexus  
  123  10:45  Protoss Ground Armor Level 1, Zealot x3  
  123  10:46  Zealot x4  
  111  11:14  Zealot  
  111  11:15  Zealot  
  111  11:16  Zealot x4  
  111  11:17  Zealot  
  91  11:37  Zealot x2  
  91  11:38  Zealot x4  
  91  11:39  Zealot  
  89  11:42  Protoss Air Armor Level 1  
  79  11:51  Immortal  
  81  11:56  Void Ray  
  81  12:00  Zealot x3  
  81  12:01  Zealot x4  
  85  12:22  Zealot x4  
  89  12:39  Void Ray  
  87  12:47  Protoss Ground Weapons Level 2  
  87  13:00  Nexus  
  85  13:12  Dark Templar x4  
  89  13:18  Gateway  
  89  13:19  Gateway  
  95  13:22  Void Ray  
  95  13:23  Gateway  
  95  13:28  Gateway  
  95  13:29  Gateway  
  95  13:37  Nexus  
  95  13:41  Gateway  
  95  13:43  Gateway  
  95  13:52  Fleet Beacon  
  95  13:55  Gateway  
  95  13:56  Gateway  
  95  13:57  Dark Templar x3  
  105  14:04  Pylon  
  105  14:05  Void Ray  
  105  14:07  Pylon  
  105  14:10  Pylon  
  102  14:35  Dark Templar x5  
  102  14:36  Dark Templar x6  
  123  14:38  Archon  
  123  14:39  Archon x3  
  123  14:40  Archon x3  
  123  14:42  Archon  
  123  14:54  Zealot x3  
  123  14:55  Zealot  
  131  15:05  Assimilator  
  131  15:06  Probe  
  131  15:07  Assimilator, Probe  
  131  15:10  Pylon  
  131  15:11  Protoss Shields Level 2  
  131  15:13  Probe x2  
  135  15:14  Probe  
  135  15:16  Zealot x2  
  135  15:19  Sentry, Probe  
  135  15:20  Sentry  
  145  15:25  Probe x2  
  145  15:28  Archon  
  147  15:32  Sentry x2  
  147  15:33  Sentry  
  153  15:38  Probe  
  154  15:50  Probe  
  154  15:51  Shield Battery  
  106  16:05  Zealot x2  
  106  16:06  Zealot x5  
  106  16:07  Zealot x4  
  106  16:08  Zealot  
  110  16:42  Nexus  
  110  16:43  Photon Cannon  
  110  17:02  Carrier  
  116  17:10  Pylon  
  116  17:12  Pylon  
  116  17:15  Pylon  
  116  17:16  Pylon  
  116  17:20  Assimilator  
  116  17:24  Assimilator  
  116  17:35  Protoss Air Weapons Level 2  
  116  17:36  Protoss Ground Armor Level 2, Dark Templar  
  118  17:37  Dark Templar x3  
  118  17:41  Archon x2  
  124  18:05  Shield Battery  
  124  18:06  Carrier  
  124  18:07  Shield Battery  
  124  18:09  Photon Cannon  
  124  18:11  Photon Cannon  
  130  18:13  Photon Cannon  
  130  18:24  Forge  
  130  18:29  Cybernetics Core  
  122  18:34  Stargate  
  122  18:35  Stargate  
  110  18:43  Zealot x4  
  110  18:44  Zealot x4  
  70  19:05  Zealot x4  
  70  19:06  Zealot  
  70  19:07  Zealot x2  
  70  19:08  Zealot  
  86  19:26  Shield Battery  
  86  19:28  Shield Battery  
  86  19:29  Shield Battery  
  86  19:32  Pylon x2  
  86  19:33  Probe x2  
  86  19:34  Probe x2  
  86  19:36  Pylon  
  90  19:38  Dark Templar  
  90  19:41  Dark Templar  
  94  19:59  Photon Cannon  
  94  20:00  Zealot  
  94  20:01  Zealot, Photon Cannon  
  94  20:04  Photon Cannon  
  98  20:28  Zealot x2  
  102  20:30  Dark Templar x3  
  98  21:20  Zealot x5  
  98  21:21  Zealot x2  
  104  21:33  Zealot  
  104  21:34  Zealot x4  
  132  21:49  Dark Templar x3  
  132  21:50  Dark Templar  
  132  21:54  Archon x2  
  136  22:14  Sentry x3  
  136  22:15  Sentry x4  
  116  22:27  Zealot x2  
  116  22:28  Zealot x5  
  116  22:29  Zealot  
Show
View Real Time Build Order
Export as new Build Order

SilentSword Protoss 

Build Orders: 1 Gate Expand, Blink Stalkers 

Get SALT Encoding   

  12  0:00  Probe  
  13  0:13  Probe  
  14  0:20  Pylon  
  14  0:25  Probe  
  15  0:38  Probe  
  15  0:41  Gateway  
  16  0:50  Probe  
  16  0:52  Assimilator  
  17  1:03  Probe  
  18  1:18  Probe  
  19  1:30  Probe  
  20  1:37  Nexus  
  20  1:41  Cybernetics Core  
  20  1:42  Probe  
  21  1:49  Pylon  
  21  1:55  Assimilator, Probe  
  22  2:07  Probe  
  23  2:19  Probe  
  23  2:21  Warp Gate  
  24  2:28  Twilight Council  
  24  2:29  Adept  
  26  2:31  Probe  
  27  2:43  Probe  
  28  2:48  Gateway  
  28  2:50  Probe  
  29  2:55  Probe  
  29  2:57  Pylon  
  30  3:02  Probe  
  30  3:05  Stalker  
  31  3:07  Probe  
  31  3:11  Blink  
  34  3:14  Probe  
  34  3:19  Probe  
  36  3:32  Probe x2  
  38  3:44  Probe x2  
  38  3:46  Adept  
  40  3:53  Robotics Facility  
  40  3:56  Probe x2  
  40  4:00  Pylon  
  42  4:03  Gateway  
  42  4:04  Forge  
  30  4:18  Probe x2  
  32  4:27  Probe x2  
  32  4:29  Shield Battery  
  34  4:35  Probe x2  
  34  4:43  Stalker x2  
  34  4:44  Probe x2  
  40  4:47  Protoss Ground Weapons Level 1  
  42  4:56  Probe x2  
  44  5:06  Pylon  
  44  5:08  Probe x2  
  44  5:11  Assimilator  
  46  5:14  Assimilator  
  46  5:15  Stalker  
  46  5:20  Probe  
  46  5:21  Probe, Charge  
  50  5:32  Probe  
  50  5:33  Probe  
  46  5:45  Probe x2  
  46  5:47  Shield Battery  
  48  5:54  Stalker x2  
  53  5:57  Probe x2, Phoenix  
  54  6:09  Probe x2  
  56  6:14  Sentry  
  58  6:28  Stalker x2  
  62  6:40  Pylon  
  62  6:42  Gateway  
  62  6:43  Robotics Bay  
  62  6:56  Zealot x3  
  62  7:00  Probe x2  
  70  7:12  Probe x2, Protoss Ground Armor Level 1  
  70  7:13  Nexus  
  70  7:15  Pylon, Gateway  
  72  7:17  Forge  
  72  7:18  Forge  
  72  7:24  Probe x2  
  72  7:26  Immortal  
  78  7:35  Shield Battery  
  78  7:36  Probe x2  
  80  7:42  Protoss Ground Weapons Level 2  
  80  7:43  Protoss Shields Level 1  
  80  7:45  Shield Battery  
  80  7:48  Probe x2  
  82  7:57  Stalker  
  84  7:58  Zealot  
  86  8:07  Pylon  
  86  8:09  Pylon  
  86  8:10  Extended Thermal Lance  
  86  8:11  Phoenix  
  86  8:15  Colossus  
  86  8:25  Probe x2  
  94  8:31  Probe, Gateway  
  94  8:32  Gateway  
  94  8:34  Pylon  
  95  8:37  Probe x2  
  97  8:41  Zealot x3  
  97  8:43  Probe  
  104  8:50  Robotics Facility  
  104  9:08  Observer  
  105  9:31  Probe x3  
  102  9:34  Observer  
  92  9:39  Zealot x7  
  92  9:41  Probe  
  92  9:45  Probe x2  
  100  9:49  Probe  
  99  9:53  Probe x2  
  99  9:56  Assimilator  
  99  9:57  Probe  
  99  9:59  Assimilator  
  102  10:01  Probe  
  102  10:02  Photon Cannon  
  102  10:06  Probe, Photon Cannon  
  104  10:07  Warp Prism  
  104  10:08  Photon Cannon  
  104  10:09  Probe  
  104  10:11  Stalker x7  
  122  10:32  Gravitic Boosters  
  122  10:34  Stalker x2  
  122  10:35  Protoss Ground Weapons Level 3  
  125  10:36  Protoss Ground Armor Level 2  
  125  10:37  Protoss Shields Level 2  
  125  10:57  Pylon  
  125  11:00  Probe x2  
  125  11:01  Probe  
  88  11:28  Zealot x2  
  88  11:29  Zealot x5  
  85  11:37  Immortal x2  
  81  11:45  Probe x3  
  80  11:51  Zealot x5  
  80  11:57  Probe  
  79  12:04  Zealot x2  
  71  12:42  Stalker x3, Observer  
  71  12:43  Stalker x4  
  78  13:04  Protoss Ground Armor Level 3, Protoss Shields Level 3  
  74  13:10  Zealot x3  
  74  13:11  Zealot x4  
  88  13:24  Probe x3  
  91  13:33  Nexus  
  91  13:36  Probe x3  
  91  13:37  Pylon  
  91  13:40  Sentry  
  91  13:41  Sentry, Zealot x5  
  108  13:54  Immortal x2  
  116  14:00  Shield Battery  
  116  14:01  Photon Cannon  
  116  14:08  Stalker x2  
  116  14:09  Stalker x2  
  124  14:23  Colossus  
  130  14:47  Stalker x3  
  130  14:48  Zealot x4  
  136  15:10  Probe  
  136  15:12  Probe x3  
  140  15:22  Probe  
  140  15:24  Probe x3  
  140  15:25  Zealot x3  
  140  15:26  Zealot x4  
  156  15:33  Pylon x2  
  156  15:34  Templar Archives, Pylon  
  156  15:51  Probe x2  
  136  16:01  Zealot x7  
  82  16:25  Probe  
  83  16:28  Stalker x2  
  83  16:29  Stalker x5  
  91  16:41  Immortal  
  91  16:42  Immortal  
  99  16:53  Gateway  
  97  16:56  Gateway  
  97  16:58  Stalker x3, Gateway  
  97  16:59  Stalker x3  
  98  17:03  Gateway  
  98  17:15  High Templar  
  100  17:21  Immortal x2, High Templar  
  110  17:24  High Templar x2  
  110  17:25  High Templar x2  
  110  17:28  Archon  
  110  17:29  Archon  
  118  17:30  Archon  
  118  17:32  High Templar  
  120  17:48  High Templar  
  122  17:54  Archon  
  122  17:56  Zealot x2  
  122  17:57  Zealot x2  
  130  17:58  Zealot  
  132  18:10  Probe x3  
  135  18:22  Probe  
  135  18:24  Nexus  
  118  18:46  Zealot x5  
  94  19:00  Stalker x2  
  84  19:27  Probe x3  
  87  19:39  Probe x3  
  90  19:51  Probe x2  
  92  19:59  Pylon  
  92  20:02  Nexus  
  92  20:03  High Templar x3  
  92  20:05  High Templar  
  100  20:08  Archon  
  100  20:09  Archon  
  100  20:25  Photon Cannon  
  100  20:36  Pylon  
  91  20:46  Probe x4  
  89  20:58  Probe x4  
  85  21:09  High Templar x2  
  85  21:10  High Templar x4  
  95  21:32  Nexus  
  95  21:33  Archon x3  
  95  21:35  Photon Cannon  
  95  21:42  Stalker  
  95  21:43  Stalker x2  
  95  21:44  High Templar  
  95  21:45  High Templar  
  105  21:49  Archon  
  93  22:12  Zealot  
  93  22:13  Zealot x3  
  79  22:23  Zealot  
Tags
 
Add a new tag
Caveats
  • Supply blocks, unpowered buildings, or Contaminate may cause inaccurate times.
  • Supply counts are checked every 10 seconds.